 Dungeon Crawl Stone Soup version 0.21-a0-283-g622b906 (webtiles) character file.

3124 KristoblXynda the Covert (level 10, -2/56 HPs)
             Began as a Kobold Berserker on Sept 24, 2017.
             Was an Elder of Trog.
             Slain by an orc warrior
             ... wielding a +0 battleaxe
              (7 damage)
             ... on level 8 of the Dungeon.
             The game lasted 00:14:01 (5589 turns).

KristoblXynda the Covert (Kobold Berserker)         Turns: 5589, Time: 00:14:01

Health: -2/56      AC: 14    Str: 15    XL:     10   Next: 14%
Magic:  10/10      EV: 19    Int: 11    God:    Trog [****..]
Gold:   123        SH:  0    Dex: 17    Spells: 9/9 levels left

rFire    . . .     SeeInvis .   x - +5 short sword
rCold    . . .     Gourm    .   (shield restricted)
rNeg     . . .     Faith    .   a - +2 ring mail of Benevolence {rPois MR- Int+2 Stlth+}
rPois    +         Spirit   .   v - +2 hat
rElec    +         Reflect  .   n - +1 cloak
rCorr    .         Harm     .   (no gloves)
MR       .....                  (no boots)
Stlth    +++++.....             (no amulet)
HPRegen  0.18/turn              p - +2 ring of protection
MPRegen  0.12/turn              (no ring)

@: berserk cooldown, slowed, very slow
A: iridescent scales 1, blink, carnivore 3, deformed body, electricity
resistance, MP-powered wands
a: Blink, Berserk, Trog's Hand, Brothers in Arms, Burn Spellbooks, Renounce
Religion


You were on level 8 of the Dungeon.
You worshipped Trog.
Trog was greatly pleased with you.
You were very full.

You visited 2 branches of the dungeon, and saw 9 of its levels.

You collected 450 gold pieces.
You spent 327 gold pieces at shops.

Inventory:

Hand Weapons
 x - a +5 short sword (weapon)
Armour
 a - the +2 ring mail of Benevolence (worn) {rPois MR- Int+2 Stlth+}
   (You bought it in a shop on level 5 of the Dungeon)

   It affects your intelligence (+2).
   It protects you from poison.
   It affects your resistance to hostile enchantments.
   It makes you more stealthy.
 n - a +1 cloak (worn)
 v - a +2 hat (worn)
Jewellery
 p - a +2 ring of protection (left hand)
Wands
 g - a wand of iceblast (11/15)
Scrolls
 f - 2 scrolls of immolation
 l - 4 scrolls of remove curse
 o - 2 scrolls of fog
 r - 2 scrolls of amnesia
 s - 2 scrolls of teleportation
 u - a scroll of magic mapping
Potions
 d - 2 potions of curing
 e - a potion of mutation {unknown}
 k - 2 potions of heal wounds
 q - a potion of cancellation
 z - a potion of lignification {unknown}
 A - a potion of might {unknown}
 B - a potion of ambrosia {unknown}
 C - a potion of haste
Comestibles
 b - 9 chunks of flesh
 c - 4 meat rations
 w - 3 royal jellies


   Skills:
 - Level 3.2 Fighting
 + Level 9.6 Short Blades
 + Level 5.7 Armour
 + Level 8.3 Dodging
 + Level 9.9 Stealth


You had 9 spell levels left.
You didn't know any spells.

Dungeon Overview and Level Annotations

Branches:
Dungeon (8/15)             Temple (1/1) D:4
   Lair: D:8-11

Altars:
Ashenzari
Cheibriados
Dithmenos
Elyvilon
Fedhas
Kikubaaqudgha
Makhleb
Nemelex Xobeh
Okawaru
Qazlal
Ru
Sif Muna
Uskayaw
Vehumet
Wu Jian
Xom
Yredelemnul
Zin
The Shining One

Shops:
D:4 %   D:5 (![   D:7 :


Innate Abilities, Weirdness & Mutations

You are small and have problems with some larger weapons.
You are carnivorous and can eat meat at any time.
You are partially covered in iridescent scales. (AC +2)
You can translocate small distances at will.
Armour fits poorly on your strangely shaped body.
You are resistant to electric shocks. (rElec)
You expend magic power (3 MP) to strengthen your wands.


Message History

You feel yourself moving faster!
You feel mighty!
The orc warrior hits you with a battleaxe!!!
* * * LOW HITPOINT WARNING * * *
You hear a shout! x2
You barely miss the orc warrior.
The orc warrior is lightly wounded.
The orc warrior closely misses you.
You barely miss the orc warrior.
The orc warrior is lightly wounded.
Things that are here:
a short sword; a ring mail You feel a strong urge to attack something.
You hear a shout!
You feel your anger subside.
You are no longer berserk.
You are exhausted.
You feel yourself slow down. The orc warrior misses you.
The orc warrior hits you with a battleaxe!
You die...

## ..#### .....
..#...# ######
..... ..... #..##
... #..# ##.#
##.########@.#
#.).)...So.##
#######.##########
...).)†.#
.######)## .#
#o.## ## ##..# #
##.# #..........


You could see an orc warrior (berserk) and an adder.

Vanquished Creatures
  A hippogriff (D:8)
  Menkaure (D:5)
  2 water moccasins
  2 orc warriors
  3 black bears (D:7)
  2 sky beasts
  2 centaurs
  5 bullfrogs
  A water moccasin zombie (D:5)
  2 scorpions (D:5)
  4 killer bees (D:8)
  2 howler monkeys (D:8)
  A crimson imp (D:8)
  5 hounds
  3 jellies
  A bullfrog skeleton (D:5)
  5 orc priests
  Crazy Yiuf (D:2)
  8 orc wizards
  An iguana (D:3)
  Terence (D:2)
  6 worker ants
  Ijyb (D:5)
  2 hound skeletons (D:5)
  A howler monkey zombie (D:5)
  A howler monkey skeleton (D:5)
  9 adders
  An ooze (D:6)
  An adder zombie (D:6)
  An adder skeleton (D:6)
  3 worms
  5 leopard geckos
  20 orcs
  6 giant cockroaches
  3 goblins
  5 hobgoblins
  4 jackals (D:1)
  3 quokkas
  2 ball pythons
  5 bats
  7 frilled lizards
  2 kobolds
  5 rats
146 creatures vanquished.

Vanquished Creatures (others)
  An orc wizard (D:8)
1 creature vanquished.

Grand Total: 147 creatures vanquished

Notes
Turn   | Place    | Note
-------+----------+-------------------------------------------
     0 | D:1      | KristoblXynda the Kobold Berserker began the quest for the Orb.
     0 | D:1      | Reached XP level 1. HP: 14/14 MP: 1/1
   181 | D:1      | Reached skill level 1 in Stealth
   188 | D:1      | Reached XP level 2. HP: 11/19 MP: 2/2
   663 | D:2      | Reached XP level 3. HP: 23/23 MP: 3/3
   845 | D:2      | Noticed Terence
   861 | D:2      | Killed Terence
   861 | D:2      | Reached XP level 4. HP: 28/28 MP: 4/4
  1129 | D:2      | Reached ** piety under Trog
  1233 | D:2      | Found a runed door.
  1237 | D:2      | Noticed Crazy Yiuf
  1244 | D:2      | Killed Crazy Yiuf
  1244 | D:2      | Reached XP level 5. HP: 32/32 MP: 5/5
  1321 | D:3      | Reached skill level 5 in Short Blades
  2333 | D:4      | Found a staircase to the Ecumenical Temple.
  2339 | Temple   | Entered the Ecumenical Temple
  2556 | D:4      | Found a stormy altar of Qazlal.
  2588 | D:4      | Reached XP level 6. HP: 36/37 MP: 6/6
  2709 | D:4      | Found Puxkaerr's Food Boutique.
  3153 | D:5      | Entered Level 5 of the Dungeon
  3155 | D:5      | Noticed a water moccasin
  3180 | D:5      | Killed a water moccasin
  3217 | D:5      | Found Xyafuow's Antique Weapon Shop.
  3237 | D:5      | Reached skill level 5 in Stealth
  3237 | D:5      | Reached XP level 7. HP: 41/41 MP: 7/7
  3277 | D:5      | Bought a glowing short sword for 138 gold pieces
  3322 | D:5      | Noticed Ijyb
  3336 | D:5      | Killed Ijyb
  3380 | D:5      | Noticed Menkaure
  3402 | D:5      | Killed Menkaure
  3402 | D:5      | Reached skill level 5 in Dodging
  3406 | D:5      | Gained mutation: Armour fits poorly on your strangely shaped body. [mutagenic meat]
  3407 | D:5      | Gained mutation: You are partially covered in iridescent scales. (AC +2) [mutagenic meat]
  3408 | D:5      | Gained mutation: You expend magic power (3 MP) to strengthen your wands. [mutagenic meat]
  3409 | D:5      | Gained mutation: You can translocate small distances at will. [mutagenic meat]
  3410 | D:5      | Gained mutation: You are resistant to electric shocks. (rElec) [mutagenic meat]
  3478 | D:5      | Reached XP level 8. HP: 34/46 MP: 8/8
  3622 | D:5      | Found Huqiguc's Distillery.
  3752 | D:5      | Found Itofefom's Antique Armour Emporium.
  3772 | D:5      | Bought a warped ring mail for 189 gold pieces
  3784 | D:5      | Identified the +2 ring mail of Benevolence {rPois MR- Int+2 Stlth+} (You bought it in a shop on level 5 of the Dungeon)
  3996 | D:6      | Found an iron altar of Okawaru.
  4143 | D:6      | Reached *** piety under Trog
  4435 | D:6      | Reached XP level 9. HP: 51/51 MP: 9/9
  4526 | D:7      | Found Iryawk's Book Shoppe.
  4677 | D:7      | Found a shimmering altar of Xom.
  5101 | D:7      | Reached skill level 5 in Armour
  5346 | D:8      | Reached **** piety under Trog
  5442 | D:8      | HP: 1/51 [something/puff of frost (10)]
  5453 | D:8      | Reached XP level 10. HP: 34/56 MP: 10/10
  5580 | D:8      | HP: 4/84 [orc warrior/battleaxe (38)]
  5589 | D:8      | Slain by an orc warrior

Vault maps used:
D:1:      dpeg_arrival_tiny_c
D:2:      uniq_terence, uniq_crazy_yiuf_cottage
D:3:      first_bread
D:4:      minmay_temple_entry_enclosed_plants, serial_shops,
          kennysheep_mini_moat, nicolae_qazlal_general_emergency
D:5:      serial_shops, shop_fountains, shop, shop_coins, uniq_ijyb,
          uniq_menkaure
D:6:      nicolae_overflow_hidden_temple
D:7:      black_bear_nest_1, nicolae_overflow_crystal_walls, serial_shops, shop
D:8:      gammafunk_temple_overflow_statue, bloody_trog
Temple:   minmay_crystal_spiral_temple

Skill      XL: |  1  2  3  4  5  6  7  8  9 10 |
---------------+-------------------------------+-----
Stealth        | 1 2 3 4 5 6 7 9 |  9.9
Armour         | 2 3 4 5 |  5.7
Dodging        | 3 4 5 6 7 8 |  8.3
Short Blades   | 5 6 7 9 |  9.6
Fighting       | |  3.2

Action                   |  1- 3 |  4- 6 |  7- 9 | 10-12 || total
-------------------------+-------+-------+-------+-------++-------
Melee: Short sword       |    70 |   168 |   345 |    38 ||   621
Invok: Berserk           |     1 |     4 |     3 |     2 ||    10
  Use: Scroll            |       |       |    16 |       ||    16
       Potion            |       |       |     2 |       ||     2
 Stab: Sleeping          |     8 |     5 |    18 |       ||    31
  Eat: Chunk             |     8 |     6 |    19 |     4 ||    37
Armor: Animal skin       |    14 |       |       |       ||    14
       Ring mail         |       |    30 |    98 |     9 ||   137
Dodge: Dodged            |    47 |    98 |   243 |    21 ||   409

Table legend:
 A = Spawn XP
 B = Non-spawn XP
 C = Spawn XP percentage of total XP
 D = Spawn monster count
 E = Non-spawn monster count
 F = Spawn count percentage of total count
 G = Total turns spent on level
                    A         B        C        D         E        F      G
               +---------+---------+-------+---------+---------+-------+---------
         Total |       0 |    4463 |   0.0 |       0 |     146 |   0.0 |  5589
               +---------+---------+-------+---------+---------+-------+---------
           D:1 |       0 |      23 |   0.0 |       0 |      14 |   0.0 |   649
           D:2 |       0 |     121 |   0.0 |       0 |      16 |   0.0 |   648
           D:3 |       0 |     123 |   0.0 |       0 |      22 |   0.0 |   893
           D:4 |       0 |      28 |   0.0 |       0 |       5 |   0.0 |   794
           D:5 |       0 |     931 |   0.0 |       0 |      20 |   0.0 |   650
           D:6 |       0 |     767 |   0.0 |       0 |      19 |   0.0 |   717
           D:7 |       0 |     916 |   0.0 |       0 |      22 |   0.0 |   771
           D:8 |       0 |    1554 |   0.0 |       0 |      28 |   0.0 |   298
               +---------+---------+-------+---------+---------+-------+---------
